 Dungeon Crawl Stone Soup version 0.30.0-30-g96aa6591b8 (webtiles) character file.

Game seed: 10433088449621319675

762 BONEBRO the Spear-Bearer (level 7, -3/50 HPs)
             Began as a Merfolk Gladiator on June 29, 2023.
             Slain by an ice beast (6 damage)
             ... on level 5 of the Dungeon.
             The game lasted 00:12:05 (4212 turns).

BONEBRO the Spear-Bearer (Merfolk Gladiator)        Turns: 4212, Time: 00:12:06

Health: -3/50      AC:  5    Str: 16    XL:     7   Next: 81%
Magic:  0/7        EV: 14    Int:  8    God:
Gold:   185        SH:  3    Dex: 15    Spells: 6/6 levels left

rFire   . . .        a - +1 trident
rCold   . . .        t - +0 buckler
rNeg    . . .        b - +0 leather armour
rPois   .            c - +0 helmet
rElec   .            (no cloak)
rCorr   .            p - +0 pair of gloves
SInv    .            (no boots)
Will    .....        d - amulet of guardian spirit
Stlth   +            (no ring)
HPRegen 0.28/turn    (no ring)
MPRegen 0.10/turn

%: guardian spirit
@: no status effects
A: (nimble swimmer 2), mertail
a: no special abilities


You were on level 5 of the Dungeon.
You visited 1 branch of the dungeon, and saw 5 of its levels.

You collected 185 gold pieces.

Inventory:

Hand Weapons
 a - a +1 trident (weapon)
Missiles
 e - a javelin (quivered)
 g - 10 poisoned darts
 r - a throwing net
Armour
 b - a +0 leather armour (worn)
 c - a +0 helmet (worn)
 p - a +0 pair of gloves (worn)
 t - a +0 buckler (worn)
Jewellery
 d - an amulet of guardian spirit (around neck)
 y - an amulet of magic regeneration
Wands
 A - a wand of charming (10)
Scrolls
 f - 3 scrolls of identify {unknown}
 i - a scroll of fog {unknown}
 l - a scroll of enchant armour {unknown}
 m - a scroll of brand weapon {unknown}
 q - a scroll of magic mapping {unknown}
 s - a scroll of poison {unknown}
Potions
 h - a potion of lignification {unknown}
 k - a potion of brilliance {unknown}
 n - 2 potions of heal wounds {unknown}
 o - 3 potions of haste {unknown}
 u - a potion of mutation {unknown}
 v - a potion of berserk rage {unknown}
 w - 2 potions of might {unknown}
 x - 2 potions of cancellation {unknown}
 z - a potion of curing {unknown}


   Skills:
 - Level 2.2 Fighting
 - Level 10.0 Polearms
 - Level 2.0 Throwing
 + Level 7.2 Dodging


You had 6 spell levels left.
You didn't know any spells.
Your spell library contained the following spells:

 Spells                   Type           Power      Damage    Failure   Level
 Slow                     Hex            0%         N/A       58%         1
 Poisonous Vapours        Pois/Air       0%         N/A       73%         2
 Confusing Touch          Hex            0%         N/A       91%         3
 Mephitic Cloud           Conj/Pois/Air  0%         N/A       91%         3
 Vampiric Draining        Necr           0%         2d6       91%         3
 Freezing Cloud           Conj/Ice/Air   0%         6-21      100%        5


Dungeon Overview and Level Annotations

Branches:
Dungeon (5/15)             Temple (0/1) D:5

Altars:

Shops:
D:1 [

Annotations:
D:4 2 transporters, luckyleol's ghost, novice MeCA
D:5 1 transporter


Innate Abilities, Weirdness & Mutations

((You are very nimble when in or above water. (Stealth+, EV+, Speed+++)))
Your lower body shifts to a powerful aquatic tail in water.


Message History

You hit the ice beast.
The ice beast is lightly wounded.
The ice beast hits you but does no damage.
You hit the ice beast but do no damage.
The ice beast is lightly wounded.
The ice beast hits you. The ice beast freezes you!
Sorry, you're not good enough to have a special ability.
You closely miss the ice beast.
The ice beast is lightly wounded.
The ice beast barely misses you.
You barely miss the ice beast.
The ice beast is lightly wounded.
You hit the ice beast.
The ice beast is moderately wounded.
The ice beast closely misses you.
You hit the ice beast.
The ice beast is heavily wounded.
The ice beast barely misses you.
You hit the ice beast.
The ice beast is heavily wounded.
The ice beast barely misses you.
You closely miss the ice beast.
The ice beast is heavily wounded.
The ice beast hits you. The ice beast freezes you.
You hit the ice beast but do no damage.
The ice beast is heavily wounded.
The ice beast hits you. The ice beast freezes you!
* * * LOW HITPOINT WARNING * * *
You hit the ice beast.
The ice beast is severely wounded.
The ice beast hits you.
* * * LOW HITPOINT WARNING * * *
The ice beast freezes you!
* * * LOW HITPOINT WARNING * * *
As you read the scroll labelled LATACERAUJ, it crumbles to dust.
It is a scroll of enchant weapon.
Your +0 trident glows red for a moment.
The ice beast hits you.
* * * LOW HITPOINT WARNING * * *
The ice beast freezes you!
You die...

....≈≈≈≈≈ ...≈≈≈≈≈≈....##.#..#...
....≈≈≈≈≈≈.>.≈≈≈≈≈≈..............
....≈≈≈≈ ≈...≈≈≈≈≈≈..............
.#..≈≈≈≈≈≈≈≈≈≈≈≈≈≈≈...#.#....#...
.....≈≈≈≈≈≈≈≈≈≈≈≈≈...............
.......≈≈≈≈≈≈≈≈≈......#.#........
.........≈≈≈≈≈.................##
................Y.....#.########
.##.............@.......#
.................?......#.
)...###.................#.
.##.....>....#.........©#○
.##.###.###..##.#.......#.
.##.###.###..##.##......#
..........#..##.##.#....#
.##.###...........†.....## .##.#
#####..##.##.#......


You could see an ice beast.

Vanquished Creatures
  A black bear (D:5)
  A centaur (D:5)
  A kobold brigand (D:4)
  A scorpion (D:3)
  A jelly (D:5)
  3 hounds
  2 iguanas
  4 orc wizards
  6 adders
  2 ufetubi
  5 worms
  A dart slug (D:1)
  14 orcs
  6 ball pythons
  11 bats
  6 endoplasms
  3 giant cockroaches
  10 hobgoblins
  2 jackals
  5 quokkas
  3 frilled lizards
  9 goblins
  5 kobolds
  5 rats
107 creatures vanquished.

Notes
Turn   | Place    | Note
-------+----------+-------------------------------------------
     0 | D:1      | BONEBRO the Merfolk Gladiator began the quest for the Orb.
     0 | D:1      | Reached XP level 1. HP: 16/16 MP: 1/1
    89 | D:1      | Reached XP level 2. HP: 22/22 MP: 2/2
   310 | D:1      | Reached skill level 5 in Polearms
   411 | D:1      | Found a faded altar of an unknown god.
   555 | D:1      | Found Ybesygek's Armour Emporium.
   561 | D:1      | Reached XP level 3. HP: 27/27 MP: 3/3
  1098 | D:2      | Reached skill level 6 in Polearms
  1240 | D:2      | Reached XP level 4. HP: 33/33 MP: 4/4
  1607 | D:3      | Noticed a scorpion
  1844 | D:3      | Reached skill level 7 in Polearms
  1844 | D:3      | Reached XP level 5. HP: 27/38 MP: 5/5
  2363 | D:3      | Reached skill level 8 in Polearms
  2363 | D:3      | Reached XP level 6. HP: 44/44 MP: 6/6
  2888 | D:4      | Reached skill level 9 in Polearms
  2960 | D:4      | Found a transporter.
  3173 | D:4      | Noticed luckyleol's ghost (novice MeCA)
  3178 | D:4      | Found a transporter.
  3703 | D:5      | Entered Level 5 of the Dungeon
  3720 | D:5      | Reached skill level 10 in Polearms
  3720 | D:5      | Reached XP level 7. HP: 41/50 MP: 7/7
  3783 | D:5      | Reached skill level 5 in Dodging
  3927 | D:5      | Found a staircase to the Ecumenical Temple.
  4159 | D:5      | Found a transporter.
  4212 | D:5      | Slain by an ice beast

Illustrated notes

Levels and vault maps discovered:
D:1:      saegor_arrival_simple_b, layout_loops_corners,
          chequers_ecumenical_altar_island, serial_shops,
          nicolae_shop_hallway_plus
D:2:      layout_loops_ring, minmay_octomino_j4
D:3:      layout_rooms
D:4:      cheibrodos_old_hovel, layout_basic, serial_rivers,
          chequers_serial_rivers_small_3, chequers_serial_rivers_micro_b,
          chequers_serial_rivers_room_b, chequers_serial_rivers_room_a,
          chequers_serial_rivers_small_3, chequers_serial_rivers_marsh,
          gammafunk_ghost_mausoleum
D:5:      gammafunk_cloud_chamber, layout_basic, temple_pool_b,
          roderic_lattice_a, chequers_serial_rivers_small_a, chequers_arboretum

Skill      XL: |  1  2  3  4  5  6  7 |
---------------+----------------------+-----
Polearms       | 5 6 7 8 10 | 10.0
Dodging        | 7 |  7.2
Fighting       | |  2.2
Throwing       | |  2.0

Action                     |  1- 3 |  4- 6 |  7- 9 || total
---------------------------+-------+-------+-------++-------
  Melee: Trident           |    98 |   200 |    74 ||   372
         Punch             |     1 |       |       ||     1
  Throw: Throwing net      |       |     3 |       ||     3
    Use: Scroll            |       |       |     1 ||     1
   Stab: Sleeping          |     7 |     3 |       ||    10
 Armour: Leather armour    |    12 |    50 |     9 ||    71
  Dodge: Dodged            |    53 |   102 |    34 ||   189
  Block: Buckler           |       |     8 |     7 ||    15
